AoeStats
← Skywa1keR

Arena

504730228Analyzed
1v1 RM · 25d ago on Sep 6, 2026· 46m 23s· 2 players
Game mode
Random Map
Map size
Tiny (2 player)
Population
200
Speed
Normal
Resources
Standard
Victory
Conquest
Starting age
Dark Age
Ending age
Imperial Age
RankedLock teamsTeams togetherTeam positionsShared explorationLock speedFull tech treeHidden civsTurbo modeCheats
Victory
Defeat
🇺🇸 Britons · United States
536
+16
🇨🇳 Burgundians · China
546
-26
Skywa1keR
11:55 Loom
13:40 Feudal Age
17:49 Castle Age
15:34 Horse Collar
15:50 Double-Bit Axe
16:33 Gold Mining
16:33 Stone Mining
16:51 Stone Mining
25:42 Heavy Plow
25:54 Bow Saw
26:25 Gold Shaft Mining
26:29 Wheelbarrow
29:37 Hand Cart
29:19 Pikeman
36:59 Imperial Age
35:28 Fletching
35:38 Padded Archer Armor
35:49 Forging
35:40 Scale Mail Armor
37:10 Ballistics
37:04 Elite Longbowman
38:05 Conscription
37:48 Warwolf
38:19 Yeomen
42:17 Chemistry
41:07 Halberdier
43:19 Two-Man Saw
44:33 Bodkin Arrow
44:53 Leather Archer Armor
45:14 Iron Casting
neword7
10:36 Feudal Age
8:57 Double-Bit Axe
9:00 Horse Collar
10:53 Gold Mining
12:25 Gold Shaft Mining
13:36 Wheelbarrow
14:39 Heavy Plow
14:53 Bow Saw
17:20 Stone Mining
18:44 Stone Shaft Mining
22:30 Castle Age
24:23 Wheelbarrow
25:44 Light Cavalry
26:25 Husbandry
28:00 Hand Cart
27:35 Town Watch
27:40 Loom
27:31 Pikeman
28:12 Squires
27:58 Arson
28:17 Scale Mail Armor
28:22 Scale Barding Armor
28:28 Forging
29:50 Burgundian Vineyards
30:04 Hand Cart
33:02 Cavalier
34:06 Chain Barding Armor
34:22 Iron Casting
37:13 Town Patrol
37:59 Ballistics
37:30 Guard Tower
37:50 Fortified Wall
37:21 Treadmill Crane
37:51 Masonry
39:01 Chain Mail Armor
43:55 Imperial Age
43:52 Elite Skirmisher
46:44 Blast Furnace
46:00 Chain Mail Armor
46:20 Plate Barding Armor
45:36 Fletching
45:47 Padded Archer Armor
Connection lost

Rejoining the realm…

Still unreachable

The connection could not be restored.

Session expired

The server has moved on; the page needs a fresh start.